[Event "Silves Open 2025"]
[Site "Fissul"]
[Date "2025.03.05"]
[Round "6.29"]
[White "Bravo Galvez, Ricardo"]
[Black "Goncalves, Samuel Jesus P"]
[Result "1/2-1/2"]
[Annotator "TA"]
[ECO "E32"]
[WhiteElo "2098"]
[BlackElo "2280"]
[PlyCount "55"]
[EventDate "2025.03.03"]
[EventType "swiss"]
[EventCountry "POR"]
[SourceTitle "playchess.com"]
[Source "ChessBase"]
[SourceQuality "1"]
[TimeControl "5400+30"]

1. d4 Nf6 2. c4 e6 3. Nc3 Bb4 4. Qc2 d6 5. Bd2 Bxc3 6. Bxc3 O-O 7. g3 c5 8. dxc5 {[%emt 0:00:00] White is slightly better.} dxc5 9. Bg2 Nc6 (9... Qe7 $14) 10. e3 (10. Bxc6 $16 bxc6 11. Nf3) 10... Qc7 (10... Nb4 $11 11. Bxb4 cxb4) 11. Bxf6 $16 gxf6 12. a3 (12. Ne2 $14) 12... e5 (12... b6 $11 {keeps the balance.}) 13. Bh3 {[%emt 0:00:00] White is more active.} (13. O-O-O $16) 13... Bxh3 $11 14. Nxh3 Rad8 15. O-O Qd7 16. Kg2 Qd2 17. Qf5 Qd6 18. Qg4+ Kh8 19. Rfd1 Qe6 20. Qe2 Na5 21. Qf3 (21. Rxd8 $11 Rxd8 22. Rc1) 21... b6 (21... Qxc4 $2 22. Qxf6+ Kg8 23. Qg5+ (23. Rxd8 Qe4+ 24. Kg1 Nc6 $18) 23... Kh8 24. Rxd8 $18) (21... Nxc4 $17 22. Qe2 b5) 22. Rd5 Nxc4 {[%emt 0:00:00] Black has a queen side majority} 23. Rad1 (23. e4 $17 {is the only way for White.}) 23... Qe7 $2 (23... Rxd5 $19 24. Qxd5 Qxd5+ (24... Nxb2 25. Qxe6 fxe6 26. Rd6 $17) 25. Rxd5 a5 (25... Nxb2 $2 26. Ng1 $17)) 24. Rd7 Rxd7 $17 25. Rxd7 {[%emt 0:00:09] [#]} Qxd7 ({Black should play} 25... Qe6 $1 $17 26. b4 Kg7 (26... Qxd7 27. Qxf6+ Kg8 28. Qg5+ Kh8 29. Qf6+ Kg8 30. Qg5+ Kh8 31. Qf6+ $11) (26... Nxa3 27. bxc5 bxc5 28. Rxa7 $17)) 26. Qxf6+ $11 {[%emt 0:00:13] The position is equal.} Kg8 27. Qg5+ Kh8 28. Qf6+ {[%emt 0:00:07] Weighted Error Value: White=0.41/Black=0.42  Mistake:       	White=6     	Black=6      Inaccurate:     	White=2     	Black=1      OK:         	White=4     	Black=5      Best:        	White=4     	Black=2} 1/2-1/2

[Event "Silves Open 2025"]
[Site "Fissul"]
[Date "2025.03.05"]
[Round "6.30"]
[White "Almeida, Luis Eduardo dos Rei"]
[Black "Tolentino, Andre Angelo"]
[Result "1/2-1/2"]
[Annotator "NA RC"]
[ECO "C01"]
[WhiteElo "1841"]
[BlackElo "1843"]
[PlyCount "60"]
[EventDate "2025.03.03"]
[EventType "swiss"]
[EventCountry "POR"]
[SourceTitle "playchess.com"]
[Source "ChessBase"]
[SourceQuality "1"]
[TimeControl "5400+30"]

1. e4 e6 2. d4 d5 3. exd5 exd5 4. Nf3 Nf6 5. Bd3 Bd6 6. O-O O-O 7. Bg5 h6 8. Bh4 c6 {[%emt 0:00:30] C01: French: Exchange Variation.} 9. Nbd2 Bg4 10. c3 Nbd7 11. Qc2 a5 12. Bf5 Bxf5 13. Qxf5 Re8 14. Rfe1 Qb6 15. b3 a4 16. Ne5 Qc7 17. f4 Bxe5 18. fxe5 Nh7 19. Bg3 Qc8 20. Rf1 f6 21. Rae1 Ndf8 22. b4 (22. Qh5 $142) 22... Qxf5 23. Rxf5 fxe5 24. Rfxe5 Rxe5 25. Rxe5 Ng6 26. Re3 Nf6 27. h3 $11 Re8 28. Kf2 Rxe3 29. Kxe3 b5 30. Be5 Kf7 1/2-1/2

[Event "Silves Open 2025"]
[Site "Fissul"]
[Date "2025.03.04"]
[Round "6.31"]
[White "Goncalves, Beatriz M A C Nunes"]
[Black "Breitkopf, Ilian"]
[Result "0-1"]
[Annotator "NA RC COMBH"]
[ECO "C26"]
[WhiteElo "1458"]
[BlackElo "1671"]
[PlyCount "80"]
[EventDate "2025.03.03"]
[EventType "swiss"]
[EventCountry "POR"]
[SourceTitle "playchess.com"]
[Source "ChessBase"]
[SourceQuality "1"]
[TimeControl "5400+30"]

1. e4 e5 2. Nc3 Nf6 3. g3 Nc6 4. Bg2 Bc5 5. Nge2 Nd4 6. O-O O-O 7. d3 d6 8. h3 Be6 9. Nxd4 Bxd4 10. Ne2 Bb6 11. Kh2 h6 12. f4 Bd7 13. Nc3 a6 14. Qf3 Bd4 15. fxe5 dxe5 16. Bxh6 gxh6 17. Qxf6 Qxf6 18. Rxf6 Kg7 19. Raf1 Be6 20. a3 b5 21. Nd1 Ba7 22. R6f3 c5 23. Ne3 Rac8 24. Nf5+ Bxf5 25. Rxf5 f6 26. b3 c4 27. dxc4 bxc4 28. Rd1 cxb3 29. cxb3 Bd4 30. Rf3 Rc2 31. Rfd3 Ra2 32. a4 Rc8 33. R1d2 Ra3 34. Rd1 Rb8 35. Rb1 Rxa4 36. bxa4 Rxb1 37. Ra3 Bg1+ 38. Kh1 Bc5+ 39. Kh2 Bxa3 40. a5 Rb5 0-1

[Event "Silves Open 2025"]
[Site "Fissul"]
[Date "2025.03.04"]
[Round "6.36"]
[White "Goncalves, Nuno Filipe Pocinho"]
[Black "De Oliveira, Victor Gabriel C."]
[Result "0-1"]
[Annotator "TA"]
[ECO "B20"]
[WhiteElo "1731"]
[BlackElo "2176"]
[PlyCount "75"]
[EventDate "2025.03.03"]
[EventType "swiss"]
[EventCountry "POR"]
[SourceTitle "playchess.com"]
[Source "ChessBase"]
[SourceQuality "1"]
[TimeControl "5400+30"]

1. e4 c5 2. a3 d6 3. b4 b6 4. Bb2 Bb7 5. Bb5+ $146 (5. Nc3 Nf6 6. d3 g6 7. Nf3 Bg7 8. Be2 O-O 9. O-O Nc6 10. bxc5 bxc5 11. Qd2 {0-1 Aalto,P (2226)-Senft,S (2089) Titled Tuesday intern op 02nd May Late blitz 2023 (6)}) 5... Bc6 6. Bxc6+ {[%emt 0:00:30] B20: Sicilian: Unusual White 2nd moves.} Nxc6 7. b5 Nd4 8. c4 {[%emt 0:00:30] The position is equal.} a6 9. a4 Nf6 10. d3 g6 11. Nf3 Nxf3+ 12. Qxf3 Bg7 13. O-O O-O 14. Rd1 e5 15. h3 axb5 16. axb5 Rxa1 17. Bxa1 Qa8 18. Nc3 h5 19. Bb2 Qa5 $2 {[%emt 0:00:30][%mdl 8192] [#] Loses the game.} (19... Qc8 $16) 20. Ra1 $18 Qb4 21. Qe2 Bh6 22. Qc2 Nh7 23. Ra4 Qxa4 24. Nxa4 Rb8 25. Bc1 Bxc1 26. Qxc1 Kg7 27. f4 exf4 28. Qxf4 Ra8 29. Nxb6 Ra1+ 30. Kh2 Ra2 31. Qxd6 Ng5 32. Qe5+ {[%emt 0:00:30] White mates.} Kh6 33. Qf4 f6 34. h4 Ra3 35. hxg5+ fxg5 36. Qf8+ Kh7 37. Nd5 Rxd3 38. Nf6# {[%emt 0:00:30][%mdl 32768] Weighted Error Value: White=0.04 (flawless) /Black=1.27 Loss on time!?  Loses game:     	---       	Black=1      Inaccurate:     	---       	Black=3      OK:         	White=4     	Black=3      Best:        	White=1     	---} 0-1

[Event "Silves Open 2025"]
[Site "Fissul"]
[Date "2025.03.05"]
[Round "7.2"]
[White "Alshameary Puente, Ismael"]
[Black "Lux, Hugo de Melo"]
[Result "1-0"]
[Annotator "TA"]
[ECO "A17"]
[WhiteElo "2343"]
[BlackElo "2329"]
[PlyCount "97"]
[EventDate "2025.03.03"]
[EventType "swiss"]
[EventCountry "POR"]
[SourceTitle "playchess.com"]
[Source "ChessBase"]
[SourceQuality "1"]
[TimeControl "5400+30"]

1. Nf3 d5 2. e3 Nf6 3. c4 e6 4. Nc3 Nbd7 5. b3 Bd6 6. Bb2 {[%emt 0:01:07] A17: English Opening: 1...Nf6 with ...Bb4.} O-O 7. Qc2 a6 8. Be2 {[%emt 0:02:05] The position is equal.} b6 9. cxd5 exd5 10. Nd4 (10. Nxd5 $5 Nxd5 11. Qc6 $14) 10... Ne5 $146 {[%emt 0:27:54] Repels Nc6} (10... c5 11. Nf5 Be5 12. d4 Bc7 13. O-O g6 14. Ng3 cxd4 15. exd4 Re8 16. Bf3 Bb7 {½-½ Gomes,M (2338)-Arpan,D (1991) Kolkata Rapid op 2024 (6)}) 11. f4 Ng6 {[%emt 0:00:30] Threatening ...c5.} 12. Nf5 Bxf5 13. Qxf5 {[%emt 0:00:07] [#]} d4 {[%emt 0:00:04] and ...Ne7 would now be decisive} 14. Ne4 Nxe4 15. Qxe4 {[%emt 0:00:01] A sharp opening} c5 {[%emt 0:00:45] Black is weak on the light squares} ({Black should try} 15... dxe3 $11 16. dxe3 Bc5 (16... Re8 17. Qd4 $11)) 16. O-O (16. exd4 $2 Re8 (16... Nxf4 $2 17. O-O $19) 17. Qf3 Nxf4 $19) 16... Re8 17. Qd3 Be7 18. Rad1 (18. exd4 Bf6 $11) ({White should try} 18. a4 $16) 18... Bf6 19. e4 Ra7 20. e5 {[%emt 0:01:16] White has a king side majority} Be7 21. Qh3 Bd6 22. Bd3 Bb8 23. Qh5 Nf8 24. Rf3 g6 25. Qh6 f6 26. Rdf1 {[%emt 0:02:36] White has more active pieces.} b5 (26... fxe5 $16 {was called for.} 27. fxe5 b5) 27. Be4 $2 (27. exf6 $18 {Threatens to win with f5.} Qxf6 28. f5) 27... f5 $1 $11 28. Bd3 $132 {[%emt 0:00:15][%mdl 2048] White puts up resistance} Qd5 29. Rg3 (29. h4 {might be stronger.}) 29... Kh8 $2 {[%emt 0:00:18][%mdl 8192] [#] White leaves nothing to chance now.} (29... Rf7 $1 $11 {and Black is okay.}) 30. Bxf5 $1 $18 Rf7 (30... Rg7 31. d3) 31. Bxg6 Nxg6 32. Rxg6 Bxe5 (32... Qe4) 33. Rg5 (33. fxe5 $2 Rxf1+ 34. Kxf1 Qxe5 $19) 33... Qe4 34. Qh5 $2 (34. Qxa6 $2 Bxf4 35. Qxb5 Ref8 $19 (35... Bxg5 36. Rxf7 Bxd2 37. h3 $11) (35... Be3+ $2 36. dxe3 Qxe3+ 37. Kh1 $19)) (34. fxe5 $18 Rxf1+ 35. Kxf1 Qf4+ 36. Kg1) 34... Ref8 (34... Bxf4 $11 35. Qxf7 (35. Rxc5 Be3+ 36. dxe3 Qxe3+) 35... Bxg5) 35. Rxe5 Rxf4 36. Re1 Qd3 {[%emt 0:00:59][%cal Od3f1] ( -> ...Qf1+!)} 37. h3 (37. Rxc5 $2 {gets mated.} Rf1+ 38. Rxf1 Rxf1#) 37... Rf1+ {[%emt 0:00:28] [#]} 38. Kh2 $1 Rxe1 39. Rxe1 Qxd2 40. Qe5+ Kg8 41. Qg3+ Kh8 {[%emt 0:00:09] [#]} 42. Re7 Qf4 43. Rd7 Qf6 (43... Qxg3+ $142 44. Kxg3 Rg8+ 45. Kh2 Re8) 44. Bc1 Rg8 {[%emt 0:00:06] Wards off Bg5} 45. Qf4 (45. Qc7 $142 Rg7 46. Qc8+ Rg8 47. Qxc5) 45... Qe6 (45... Qxf4+ $142 46. Bxf4 Re8) 46. Rf7 (46. Qc7 $142 Qf5 47. Re7) 46... Rg6 47. Qb8+ Rg8 48. Rf8 (48. Qc7 $142 Rxg2+ 49. Kxg2 Qg6+ 50. Kf3) 48... Qe5+ 49. Qxe5# {[%emt 0:00:38] Weighted Error Value: White=0.39/Black=0.73  Loses game:     	---       	Black=1      Missed win:     	White=1     	---        Mistake:       	White=2     	Black=5      Inaccurate:     	White=2     	Black=6      OK:         	White=8     	Black=11     Best:        	White=1     	---        Strong:       	White=1     	Black=1      Brilliant:      	White=1     	Black=1} 1-0

[Event "Silves Open 2025"]
[Site "Fissul"]
[Date "2025.03.05"]
[Round "7.4"]
[White "Khamrakulov, Ibragim S."]
[Black "Sanz Wawer, Daniel"]
[Result "1/2-1/2"]
[Annotator "TA"]
[ECO "B13"]
[WhiteElo "2384"]
[BlackElo "2283"]
[PlyCount "59"]
[EventDate "2025.03.03"]
[EventType "swiss"]
[EventCountry "POR"]
[SourceTitle "playchess.com"]
[Source "ChessBase"]
[SourceQuality "1"]
[TimeControl "5400+30"]

1. e4 c6 2. d4 d5 3. exd5 cxd5 4. c4 Nf6 5. Nc3 Nc6 6. Bg5 dxc4 7. d5 Ne5 8. Nf3 {[%emt 0:00:04] B13: Caro-Kann: Exchange Variation and Panov-Botvinnik Attack.} Nxf3+ (8... Bg4 $5) 9. Qxf3 Bg4 $146 (9... h6 $11 10. Be3 Bg4) (9... h6 10. Bxf6 exf6 11. Bxc4 Bd6 12. Bb5+ Bd7 13. O-O O-O 14. Rfe1 Rc8 15. Rac1 Be5 16. Bxd7 Qxd7 {½-½ Viskelis,D (1923)-Ser,D (2111) Taujenai-ch rapid 2023 (3)}) 10. Qf4 $14 {[%emt 0:04:34] [#] White is slightly better. White is more active.} Qd6 11. Bxc4 Qxf4 12. Bxf4 Rc8 13. Bb3 Nd7 14. O-O Nc5 15. Bc4 Nd7 {[%emt 0:04:16] [#]} 16. b3 ({White should play} 16. Bd3 $1 $16) 16... g5 17. Bxg5 (17. Be3 $14) 17... Rg8 $1 $36 {[%emt 0:00:03][%mdl 2048] Black fights for an advantage.} 18. Bh4 Bg7 19. Rac1 Bxc3 20. Rxc3 b5 21. h3 Bf5 22. Re1 {[%emt 0:01:35][%cal Oc3f3] Strongly threatening Rf3!.} bxc4 23. Rf3 Bg6 {[%emt 0:02:32][%cal Of7f6] Threatens to win with ...f6!.} 24. Rxe7+ Kd8 25. Rexf7+ Kc7 26. Bg3+ Kd8 27. Bh4+ Kc7 28. Bg3+ Kd8 29. R7f4 Ne5 ({Black should play} 29... cxb3 $15 30. Rxb3 Nb6) 30. Rc3 {[%emt 0:00:30] Weighted Error Value: White=0.11 (very precise) /Black=0.11 (very precise)   Mistake:       	White=2     	Black=2      Inaccurate:     	White=1     	Black=1      OK:         	White=11    	Black=6      Best:        	White=2     	Black=8      Strong:       	---       	Black=1} 1/2-1/2

[Event "Silves Open 2025"]
[Site "Fissul"]
[Date "2025.03.05"]
[Round "7.5"]
[White "Martins, Bruno Andre Leite"]
[Black "Vasques, Antonio Pedro Freixi"]
[Result "1-0"]
[Annotator "TA"]
[ECO "C77"]
[WhiteElo "2360"]
[BlackElo "2246"]
[PlyCount "119"]
[EventDate "2025.03.03"]
[EventType "swiss"]
[EventCountry "POR"]
[SourceTitle "playchess.com"]
[Source "ChessBase"]
[SourceQuality "1"]
[TimeControl "5400+30"]

1. e4 e5 2. Nf3 Nc6 3. Bb5 a6 4. Ba4 Nf6 5. Bxc6 dxc6 6. d3 Bd6 7. O-O {[%emt 0:01:06] C77: Ruy Lopez: 3...a6 4 Ba4 Nf6, unusual lines.} Nd7 8. Nbd2 O-O 9. Nc4 {[%emt 0:00:37] The position is equal.} Qe7 10. b3 a5 11. a4 b6 $146 (11... Re8 12. Bb2 Nf8 13. Ncxe5 f6 14. Nc4 Bg4 15. Ne3 Bh5 16. h3 Ne6 17. Nf5 Qd7 {1-0 Pranav,V (2588)-Omorjan,D (2293) Titled Tuesday intern op 01st Aug Early blitz 2023 (2)}) 12. Re1 Bb4 13. Bg5 f6 14. Bd2 Bxd2 15. Qxd2 Rd8 16. Ne3 Nc5 17. Qc3 Qd7 18. Nf5 Qf7 19. Ng3 Qd7 20. h3 Ne6 21. Nf5 g6 22. Nh6+ {[%emt 0:00:35] A dynamic duo of knights.} Kg7 23. Ng4 Qd6 24. Qd2 Nf4 25. Ne3 h5 26. Kh2 (26. d4 $5) 26... Be6 27. Ng1 Qd7 28. h4 Bf7 (28... Nxd3 $5 29. Qxd3 (29. cxd3 Qxd3 30. Qxd3 Rxd3 $16) 29... Qxd3 30. cxd3 Rxd3 $14) 29. g3 Ne6 30. Ne2 c5 31. Rf1 Nd4 32. Nxd4 cxd4 33. Ng2 Be6 34. f4 {[%emt 0:00:09] and fxe5 should not be overlooked} Qe7 35. Rf2 Bg4 36. Raf1 Rf8 37. Ne1 exf4 38. Qxf4 Qe5 39. Nf3 Bxf3 40. Rxf3 Rae8 41. Kg2 Qxf4 42. gxf4 $11 {[%emt 0:00:36][%mdl 4096] Endgame KRR-KRR} f5 43. Re1 Re6 44. Rf2 Rfe8 45. Rfe2 Kf6 46. Kf3 R8e7 47. Rg1 fxe4+ $2 {[%emt 0:01:27] This costs Black the game.} (47... Rc6 $11) 48. dxe4 $18 Rc6 49. e5+ Kf7 {[%emt 0:00:10] [#]} 50. Rd1 $1 Rc3+ {[%emt 0:01:12] [#]} 51. Rd3 $1 Rxd3+ (51... Rc5 $142 52. Ke4 (52. Rxd4 Rc3+ 53. Rd3 Rxd3+ 54. cxd3 c5 $18) 52... Rc6 53. Rxd4 (53. Kxd4 Rd7+ 54. Ke4 Rxd3 $18) 53... Rc3) 52. cxd3 {[%emt 0:00:04] KR-KR} Ke6 53. Ke4 c5 (53... c6 $142 54. Rg2 (54. Kxd4 c5+ 55. Ke3 Kd5 $18) 54... Rg7 55. Kxd4 Rg8) 54. Rg2 Rg7 {[%emt 0:00:04] [#]} 55. Rxg6+ $3 {[%emt 0:00:50][%mdl 512] White mates.} Rxg6 56. f5+ Kf7 57. fxg6+ Kxg6 58. Kd5 Kf7 59. Kd6 b5 60. Kxc5 {[%emt 0:00:16] Weighted Error Value: White=0.05 (flawless) /Black=0.30  Loses game:     	---       	Black=1      Mistake:       	---       	Black=2      Inaccurate:     	White=4     	Black=5      OK:         	White=16    	Black=17     Best:        	White=1     	---        Strong:       	White=2     	---        Brilliant:      	White=1     	---} 1-0

[Event "Silves Open 2025"]
[Site "Fissul"]
[Date "2025.03.05"]
[Round "7.6"]
[White "Degardin, Sylvain"]
[Black "Serarols Mabras, Bernat"]
[Result "0-1"]
[Annotator "TA"]
[ECO "B33"]
[WhiteElo "2309"]
[BlackElo "2311"]
[PlyCount "84"]
[EventDate "2025.03.03"]
[EventType "swiss"]
[EventCountry "POR"]
[SourceTitle "playchess.com"]
[Source "ChessBase"]
[SourceQuality "1"]
[TimeControl "5400+30"]

1. e4 c5 2. Nf3 Nc6 3. d4 cxd4 4. Nxd4 Qb6 5. Nb3 e6 6. Nc3 a6 7. Bd3 Nf6 8. Be3 Qc7 9. f4 {[%emt 0:00:35] B33: Sicilian: Pelikan and Sveshnikov Variations.} b5 10. e5 b4 $1 11. Ne4 {[%emt 0:01:45] White is slightly better.} (11. Na4 $5 Nd5 $8 12. Qf3 $11) 11... Nxe4 12. Bxe4 Rb8 $146 (12... Bb7 $11 {keeps the balance.}) (12... Bb7 13. Nc5 Be7 14. Nxb7 Qxb7 15. Qd3 f5 16. exf6 gxf6 17. f5 d5 18. Bf3 O-O-O {1-0 Skuhala,J (2378)-Plenkovic,Z (2375) CRO Cup Vodice 2022 (5.4)}) 13. O-O d5 (13... Bb7 $14) 14. exd6 $16 Bxd6 15. Qf3 (15. c3 $14) 15... Ne7 $11 16. Rad1 f5 17. Bd3 O-O (17... Nd5 18. Bxf5 O-O 19. Rxd5 exd5 20. Qxd5+ Kh8) 18. Bd2 (18. Bc4 $1 $14) 18... Nd5 19. Kh1 Bb7 (19... Rf6 $5 20. Nd4 Bb7 $17) 20. Qf2 (20. Qe2 $15) 20... Rf6 $17 21. Be2 Rg6 (21... Rh6 {with more complications.} 22. Bf3 Nxf4 23. g3 Nh3) 22. Bf3 Nxf4 23. Bxf4 (23. Bxb7 $142 Qxb7 (23... Qxc2 $2 24. Rc1 $18) 24. Bxf4 Bxf4 25. Nc5) 23... Bxf4 24. Bxb7 (24. h3 $17 {was necessary.}) 24... Qxb7 $2 (24... Bxh2 $19 {and Black stays clearly on top.} 25. Bd5 (25. Bxa6 $2 Rh6 $19) 25... exd5) 25. Rd3 Re8 26. Nc5 Qc6 27. Rf3 (27. c3 $17) 27... Bb8 28. Nd3 Rh6 29. h3 (29. g3 $17 {only move.}) 29... Qc7 $19 30. g4 Qb7 (30... fxg4 31. Rf8+ Rxf8 32. Qxf8#) 31. Qg2 Qd5 32. Nxb4 Qd6 33. Rf4 e5 (33... Qxf4 34. Rxf4 Bxf4 35. Qf3 $15) 34. Rc4 fxg4 (34... e4 $1 $17 35. gxf5 Kh8) 35. Rxg4 $15 {[%emt 0:00:24] [#]} e4 {[%emt 0:00:23][%csl Oe4] Black has a strong passed pawn} (35... Kh8 $1 $15 36. Rf7 Qd1+ (36... e4 37. Rxe4 Rg8 38. Rg4 $17) 37. Rf1 Qd7) 36. Rxg7+ $2 (36. Nxa6 $1 $11 {and White is okay.} Qxa6 37. Rxg7+ Kh8 38. Re7) 36... Kh8 $19 37. Rg1 $2 (37. Nxa6 Qxa6 38. Re7) 37... Qe6 $2 (37... Qxb4 38. Rg8+ Rxg8 39. Qxg8#) (37... Qf8 $1 $19 {[%cal Rf8f3] White must now prevent ...Qf3!.} 38. Rg4 Ba7 (38... Qxb4 39. Rg8+ Rxg8 40. Qxg8#)) 38. Rg4 $17 {[%emt 0:00:21][%cal Ob4c6] [#]} e3 $1 {[%emt 0:01:25][%mdl 1024] Black has strong compensation.} 39. Nd3 e2 $1 $40 {[%emt 0:00:19][%cal Oh6f6][%mdl 128] Black plays in the center Black goes for the king.} (39... Qxa2 40. b3 Rg6 41. Rxg6) 40. Ne1 $2 (40. Rh4 $17 Qc6 (40... Rxh4 41. Qg7#) 41. Rxh6 Qxh6 42. a4) 40... Ba7 $1 $19 {[%emt 0:00:17] Black is clearly winning.} (40... Qxa2 41. b3) 41. Rh4 {[%emt 0:01:02] [#]} Bd4 $1 {[%emt 0:00:49][%mdl 512] Active counter play!} 42. Qg4 (42. Rxh6 Qxh6) 42... Rxh4 {[%emt 0:00:19] Weighted Error Value: White=0.82/Black=0.43  Loses game:     	White=3     	---        Missed win:     	---       	Black=2      Mistake:       	White=7     	Black=4      Inaccurate:     	White=3     	Black=2      OK:         	White=5     	Black=9      Best:        	White=6     	---        Strong:       	---       	Black=4} (42... Qd5+ $142 43. Qg2 Qxg2+ (43... Rxh4 $2 {perishes.} 44. Qxd5 Bxg1 45. Qf7 $18) 44. Rxg2 Rxh4) 0-1

[Event "Silves Open 2025"]
[Site "Fissul"]
[Date "2025.03.05"]
[Round "7.7"]
[White "Espinosa Aranda, Angel"]
[Black "Adams, Philip"]
[Result "1-0"]
[Annotator "TA"]
[ECO "B04"]
[WhiteElo "2442"]
[BlackElo "1903"]
[PlyCount "87"]
[EventDate "2025.03.03"]
[EventType "swiss"]
[EventCountry "POR"]
[SourceTitle "playchess.com"]
[Source "ChessBase"]
[SourceQuality "1"]
[TimeControl "5400+30"]

1. e4 Nf6 2. e5 Nd5 3. d4 d6 4. Nf3 dxe5 5. Nxe5 c6 6. Be2 Bf5 {[%emt 0:00:25] B04: Alekhine's Defence: 4 Nf3.} 7. O-O e6 8. a3 Nd7 {[%emt 0:00:50] White is slightly better.} 9. Nf3 Bd6 10. Re1 O-O 11. Nbd2 Rc8 $146 (11... h6 12. Nc4 Bc7 13. h3 c5 14. Ne3 Nxe3 15. Bxe3 Qe7 16. Bb5 Rfd8 17. Qe2 cxd4 18. Bxd4 {1-0 Gaponenko,I (2473)-Mohota,N (2311) WMSG Rapid 1st (Women) 2008 (1)}) 12. Nc4 Bb8 13. Nce5 c5 (13... Nxe5 $11 14. Nxe5 c5) 14. Nxd7 $14 Qxd7 15. dxc5 Rxc5 16. c4 {[%emt 0:01:42][%cal Oc1e3] [#] White has a queen side majority} Nf6 17. b4 Qxd1 18. Rxd1 Rcc8 19. Be3 e5 20. Nd2 b6 {[%emt 0:09:43] Not much happening anymore} 21. Bg5 Rfe8 22. Rac1 h6 23. Bxf6 gxf6 24. g4 Bg6 25. Nf1 Red8 26. Ne3 Rd4 27. Nd5 Kg7 28. Rxd4 exd4 29. Rd1 $1 d3 30. Bxd3 $16 Bxd3 31. Rxd3 Rxc4 {[%emt 0:00:11][%mdl 4096] Endgame [#] KRB-KRN} 32. Ne3 Rc1+ 33. Kg2 Ra1 (33... Be5 $16) 34. h4 h5 35. gxh5 (35. Nf5+ $18 Kg6 36. Rd8 (36. Ne7+ Kh7 $18)) 35... Kh6 $1 $14 36. Ng4+ Kxh5 37. Nxf6+ Kg6 38. Rf3 Be5 39. h5+ Kg5 (39... Kg7 $1 $14 40. h6+ Kg6) 40. Ne4+ $16 Kg4 $2 {[%emt 0:00:33] Loses the game.} (40... Kh6 $16 {was worth a try.}) 41. Rxf7 $18 Rxa3 42. h6 {[%emt 0:00:53] Hoping for h7.} Kh5 (42... Rd3 $142 43. f4 (43. Rxa7 Kf5 $18) 43... Bd4) 43. Rf5+ Kxh6 44. Rxe5 {[%emt 0:19:00] Weighted Error Value: White=0.11 (very precise) /Black=0.30  Loses game:     	---       	Black=1      Mistake:       	White=1     	Black=5      Inaccurate:     	White=6     	Black=3      OK:         	White=12    	Black=10     Best:        	White=7     	Black=3      Strong:       	White=1     	Black=1} 1-0